 Dungeon Crawl Stone Soup version 0.29-a0-409-gd843f3a48c (webtiles) character file.

Game seed: 10921391288833547118

162 spiderkeys the Skirmisher (level 5, -1/42 HPs)
             Began as a Mummy Abyssal Knight on May 14, 2022.
             Was a Priest of Lugonu.
             Slain by an orc
             ... wielding a +0 dagger
              (3 damage)
             ... on level 3 of the Dungeon.
             The game lasted 00:03:43 (3271 turns).

spiderkeys the Skirmisher (Mummy Abyssal Knight)    Turns: 3271, Time: 00:03:44

Health: -1/42      AC:  7    Str: 16    XL:     5   Next: 19%
Magic:  6/7        EV: 11    Int: 11    God:    Lugonu [***...]
Gold:   120        SH:  0    Dex: 13    Spells: 4/4 levels left

rFire   x . .      SeeInvis .   a - +1 short sword
rCold   + . .      Faith    .   (no shield)
rNeg    + + +      Spirit   .   h - +0 ring mail
rPois   ∞          Reflect  .   j - +0 helmet
rElec   .          Harm     .   (no cloak)
rCorr   .          Rampage  .   i - +0 pair of gloves
Will    .....                   (no boots)
Stlth   +.........              (no amulet)
HPRegen 0.14/turn               (no ring)
MPRegen 0.10/turn               (no ring)

@: no status effects
A: cold resistance 1, negative energy resistance 3, torment resistance 2, heat
vulnerability 1, in touch with death 1, no potions
a: Renounce Religion, Depart the Abyss, Bend Space, Banish


You were on level 3 of the Dungeon.
You worshipped Lugonu.
Lugonu was most pleased with you.
You visited 1 branch of the dungeon, and saw 3 of its levels.
You visited the Abyss 1 time.

You collected 120 gold pieces.


Innate Abilities, Weirdness & Mutations

You are immune to poison.
Your flesh is cold resistant. (rC+)
You are immune to negative energy. (rN+++)
You are immune to unholy pain and torment.
You are vulnerable to heat. (rF-)
You are in touch with the powers of death.
You do not drink.


   Skills:
 + Level 3.9 Fighting
 + Level 2.5 Short Blades
 - Level 1.5 Armour
 + Level 2.1 Dodging
 + Level 2.7 Invocations


You had 4 spell levels left.
You didn't know any spells.
Your spell library contained the following spells:

 Spells                   Type           Power      Damage    Failure   Level
 Blink                    Tloc           0%         N/A       69%         2
 Manifold Assault         Tloc           0%         N/A       100%        5
 Storm Form               Tmut/Air       Unusable   N/A       N/A         7

Inventory:

Hand Weapons
 a - a +1 short sword (weapon)
 c - a +0 hunting sling
   (You found it on level 1 of the Dungeon)
Missiles
 e - 33 stones
Armour
 b - a +0 leather armour
 f - a +0 leather armour
   (You found it on level 1 of the Dungeon)
 h - a +0 ring mail (worn)
   (You found it on level 1 of the Dungeon)
 i - a +0 pair of gloves (worn)
   (You found it on level 2 of the Dungeon)
 j - a +0 helmet (worn)
   (You found it on level 2 of the Dungeon)
Scrolls
 d - a scroll of teleportation {unknown}
 k - a scroll of amnesia {unknown}
 l - a scroll of identify {unknown}
 m - a scroll of vulnerability {unknown}

Dungeon Overview and Level Annotations

Branches:
Dungeon (3/15)

Altars:
Gozag

#... ....
####..##.#.#
#..........#
#.........##
#.##..##.##
#####.##.###.##
........(.....#
#.#.#.##o###.##
#.#.#.##@#
#.#.#.##.#
#.#.#.##.#
#.#.#.##.#
#.#.#.##.#
#.#.#.##.#
#.#.#....#
#############
#.#.#.####
#............
#######.#.#.#
#.###########


You could see an orc.


Message History

You miss something. Something hits you but does no damage.
You hit something.
You hear some strange, mumbled words.
A magic dart appears from out of thin air!
The magic dart hits you. 😮 HP[-5]
You take 5 damage, and now have 28/42 hp.
You barely miss something. Something hits you but does no damage.
You barely miss something.
You hear some strange, mumbled words.
A magic dart appears from out of thin air!
The magic dart hits you!
* * * LOW HITPOINT WARNING * * *
😨 HP[-7]
You take 7 damage, and now have 21/42 hp.
You closely miss something. Something hits you but does no damage.
You completely miss something. Something hits you.
* * * LOW HITPOINT WARNING * * *
😨 HP[-1]
You take 1 damage, and now have 20/42 hp.
You miss something. Something hits you.
* * * LOW HITPOINT WARNING * * *
😨 HP[-1]
You take 1 damage, and now have 19/42 hp.
You miss something. Something hits you.
* * * LOW HITPOINT WARNING * * *
😨 HP[-3]
You take 3 damage, and now have 16/42 hp.
You hit something but do no damage. Something hits you but does no damage.
You barely miss something. Something hits you but does no damage.
You closely miss something. Something hits you.
* * * LOW HITPOINT WARNING * * *
😨 HP[-2]
You take 2 damage, and now have 14/42 hp.
You miss something. Something hits you but does no damage.
Okay, then.
You closely miss something.
Something hits you but does no damage. 😨 HP[+1]
You barely miss something. Something hits you.
* * * LOW HITPOINT WARNING * * *
😨 HP[-1]
You take 1 damage, and now have 14/42 hp.
You closely miss something. Something hits you but does no damage.
You miss something. Something hits you.
* * * LOW HITPOINT WARNING * * *
😨 HP[-1]
You take 1 damage, and now have 13/42 hp.
You miss something.
You hear some strange, mumbled words.
A magic dart appears from out of thin air!
The magic dart hits you.
* * * LOW HITPOINT WARNING * * *
😨 HP[-1]
You take 1 damage, and now have 12/42 hp.
You hit something but do no damage. Something hits you but does no damage.
You hit something. Your punch misses something. Something hits you.
* * * LOW HITPOINT WARNING * * *
😱 HP[-2]
You take 2 damage, and now have 10/42 hp.
You miss something. Something hits you but does no damage.
You hit something. Something hits you.
* * * LOW HITPOINT WARNING * * *
You hit something but do no damage. Something hits you but does no damage.
You miss something. Something hits you but does no damage.
You miss something. Something hits you but does no damage.
You barely miss something. Something hits you but does no damage.
You hit something. Something hits you.
* * * LOW HITPOINT WARNING * * *
😱 HP[-3]
You take 3 damage, and now have 7/42 hp.
You miss something.
You hear some strange, mumbled words.
A puff of flame appears from out of thin air!
The puff of flame misses you.
You hit something. Lugonu accepts your kill.
Reactivating autopickup.
You feel a bit more experienced. 😱 HP[+1]
You hit the orc but do no damage. The orc hits you with a +0 dagger.
* * * LOW HITPOINT WARNING * * *
😱 HP[-2]
You take 2 damage, and now have 6/42 hp.
You closely miss the orc. The orc hits you with a +0 dagger.
* * * LOW HITPOINT WARNING * * *
😱 HP[-1]
You take 1 damage, and now have 5/42 hp.
You hit the orc. The orc hits you but does no damage.
You barely miss the orc. The orc barely misses you.
You hit the orc. The orc barely misses you.
You barely miss the orc. The orc hits you but does no damage.
You hit the orc but do no damage. The orc barely misses you. 😱 HP[+1]
You closely miss the orc. The orc hits you but does no damage.
You hit the orc but do no damage. The orc hits you with a +0 dagger.
* * * LOW HITPOINT WARNING * * *
😱 HP[-4]
You take 4 damage, and now have 2/42 hp.
You hit the orc. The orc hits you with a +0 dagger.
You die...

Skill      XL: |  1  2  3  4 |
---------------+-------------+-----
Dodging        | 1 2 |  2.1
Invocations    | 2 |  2.7
Short Blades   | 2 |  2.5
Fighting       | |  3.9
Armour         | |  1.5

Action                   |  1- 3 |  4- 6 || total
-------------------------+-------+-------++-------
Melee: Short sword       |   123 |    99 ||   222
       Punch             |       |     1 ||     1
Throw: Dart              |     6 |     4 ||    10
       Stone             |       |     1 ||     1
Armor: Leather armour    |    22 |       ||    22
       Ring mail         |    18 |    46 ||    64
Dodge: Dodged            |    52 |    35 ||    87

Levels and vault maps discovered:
D:1:      wheals_arrival_linesprint, layout_loops_ring
D:2:      layout_rooms, basic_altar, uniq_natasha
D:3:      layout_basic, lemuel_coloured_pillars_altar, gammafunk_ghost_grave,
          shapermc_ecumenical_altar_totnotflames, lemuel_old_faithful

Notes
Turn   | Place    | Note
-------+----------+-------------------------------------------
     0 | Abyss:1  | spiderkeys the Mummy Abyssal Knight began the quest for the
                  | Orb.
     0 | Abyss:1  | Reached XP level 1. HP: 18/18 MP: 2/2
     0 | Abyss:1  | magus.rc [v1.11.3]
     8 | D:1      | You pass through the gate.
     8 | D:1      | Escaped the Abyss
   239 | D:1      | Reached skill level 1 in Dodging
   327 | D:1      | Reached XP level 2. HP: 24/24 MP: 3/3
   659 | D:1      | Reached *** piety under Lugonu
   660 | D:1      | Reached skill level 2 in Invocations
   772 | D:1      | Reached skill level 2 in Short Blades
   786 | D:1      | Gained mutation: You are in touch with the powers of death.
                  | [Mummy growth]
   786 | D:1      | Reached XP level 3. HP: 29/29 MP: 4/4
  1338 | D:2      | Found an opulent altar of Gozag.
  1510 | D:2      | You add the spells Blink and Manifold Assault to your
                  | library.
  1601 | D:2      | Noticed Natasha
  1822 | D:2      | Killed Natasha
  1823 | D:2      | Reached XP level 4. HP: 19/35 MP: 5/5
  2042 | D:2      | Noticed Natasha
  2181 | D:1      | Killed Natasha
  2512 | D:1      | Noticed Natasha
  2657 | D:1      | Killed Natasha
  2658 | D:1      | Reached skill level 2 in Dodging
  3233 | D:3      | Reached XP level 5. HP: 33/42 MP: 6/6
  3252 | D:3      | HP: 10/42 [something (2)]
  3259 | D:3      | HP: 7/42 [something (3)]
  3270 | D:3      | HP: 2/42 [orc/+0 dagger (4)]
  3271 | D:3      | Slain by an orc

Vanquished Creatures
  Natasha (thrice) (D:2 D:1)
  An orc wizard (D:3)
  An adder (D:2)
  2 dart slugs (D:1)
  2 orcs
  4 bats (D:1)
  6 endoplasms
  3 giant cockroaches
  5 goblins
  4 hobgoblins
  2 quokkas
  2 ball pythons
  3 frilled lizards (D:1)
  3 kobolds
  9 rats
50 creatures vanquished.

Table legend:
 A = Non-vault XP
 B = Vault XP
 C = Vault XP percentage of total XP
 D = Non-vault monster count
 E = Vault monster count
 F = Vault count percentage of total count
                 A         B        C        D         E       F
            +---------+---------+-------+---------+---------+-------
      Total |     196 |      36 |  15.5 |      49 |       1 |   2.0
            +---------+---------+-------+---------+---------+-------
        D:1 |     117 |       0 |   0.0 |      30 |       0 |   0.0
        D:2 |      40 |      36 |  47.4 |      16 |       1 |   5.9
        D:3 |      39 |       0 |   0.0 |       3 |       0 |   0.0
            +---------+---------+-------+---------+---------+-------

Illustrated notes

Table legend:
 A = Kills in this place as a percentage of kills in entire the game.
 B = Kills by you in this place as a percentage of kills by you in the entire game.
 C = Kills by friends in this place as a percentage of kills by friends in the entire game.
 D = Other kills in this place as a percentage of other kills in the entire game.
 E = Experience gained in this place as a percentage of experience gained in the entire game.
 F = Experience gained in this place divided by the number of levels of this place that you have seen.
                   A       B       C       D       E      F
               +-------+-------+-------+-------+-------+----------------------
         Total | 100.0 | 100.0 |   N/A |   N/A | 100.0 |  58.0
       Dungeon | 100.0 | 100.0 |   N/A |   N/A | 100.0 |  77.3
               +-------+-------+-------+-------+-------+----------------------

Table legend: (Time is in decaauts)
 A = Elapsed time spent in this place.
 B = Non-inter-level travel time spent in this place.
 C = Inter-level travel time spent in this place.
 D = Time resting spent in this place.
 E = Time spent auto-exploring this place.
 F = Levels seen in this place.
 G = Mean time per level.
                   A        B        C        D        E       F      G
               +--------+--------+--------+--------+--------+-----+--------+
         Total |   3291 |   3007 |    284 |    998 |   1486 |   4 |  822.8 |
       Dungeon |   3283 |   2999 |    284 |    998 |   1486 |   3 | 1094.3 |
         Abyss |      8 |      8 |      0 |      0 |      0 |   1 |    8.0 |
               +--------+--------+--------+--------+--------+-----+--------+

Top non-repeatable levels by time:
     D:1: 2176 daAuts
     D:2: 938 daAuts
     D:3: 168 daAuts
 Abyss:1: 8 daAuts
